 Dungeon Crawl Stone Soup version 0.25-a0-1056-g2efb326896 (webtiles) character file.

Game seed: 16923637569336279994, levelgen mode: deterministic

11 Flugslaktarn the Covered (level 2, -5/27 HPs)
             Began as a Deep Dwarf Fighter on May 13, 2020.
             Killed by divine providence
             ... invoked by an orc priest
              (13 damage)
             ... on level 2 of the Dungeon.
             The game lasted 00:00:04 (158 turns).

Flugslaktarn the Covered (Deep Dwarf Fighter)        Turns: 158, Time: 00:00:05

Health: -5/27      AC:  6    Str: 19    XL:     2   Next: 13%
Magic:  2/2        EV:  7    Int:  8    God:
Gold:   0          SH:  9    Dex: 12    Spells: 1/1 levels left

rFire    . . .     SeeInvis .   a - +0 war axe
rCold    . . .     Gourm    .   c - +0 kite shield
rNeg     . . .     Faith    .   b - +0 scale mail
rPois    .         Spirit   .   (no helmet)
rElec    .         Reflect  .   (no cloak)
rCorr    .         Harm     .   (no gloves)
MR       .....                  (no boots)
Stlth    ..........             (no amulet)
HPRegen  0.00/turn              (no ring)
MPRegen  0.08/turn              (no ring)

@: non-regenerating
A: damage resistance, heal wounds, sense surroundings 1, no regeneration
a: Heal Wounds


You were on level 2 of the Dungeon.
You were not hungry.

You visited 1 branch of the dungeon, and saw 2 of its levels.

Inventory:

Hand Weapons
 a - a +0 war axe (weapon)
Armour
 b - a +0 scale mail (worn)
 c - a +0 kite shield (worn)
Potions
 d - a potion of might
Comestibles
 e - a ration


   Skills:
 + Level 2.8 Fighting
 * Level 2.6 Axes
 + Level 3.4 Armour
 + Level 3.4 Shields


You had one spell level left.
You didn't know any spells.
Your spell library was empty.

Dungeon Overview and Level Annotations

Branches:
Dungeon (2/15)

Altars:


Innate Abilities, Weirdness & Mutations

You are resistant to damage.
You can heal yourself by infusing magical energy.
You passively map a small area around you.
You do not regenerate.


Message History

The orc hits you from afar with a +0 trident.
The orc priest invokes the aid of Beogh against you.
Beogh smites you!
You closely miss the orc priest.
The orc priest is moderately wounded.
You hit the goblin. You barely miss the orc priest.
The orc priest hits you but does no damage.
The goblin barely misses you. You block the orc's attack.
The orc priest casts a cantrip, but nothing happens.
The orc priest closely misses you. The goblin barely misses you.
You slash the goblin!
You kill the goblin!
You slash the orc priest! You closely miss the orc priest.
The orc barely misses you.
The orc priest invokes the aid of Beogh against you.
Beogh smites you!
* * * LOW HITPOINT WARNING * * *
The orc priest calls down the wrath of Beogh upon you.
Beogh smites you!
You die...

, , * * *
*,, * * , *
* * ** ,#* *
* *
########.##
,
#.........#
, , ,
##....o....#
* , ,
#..oo).....#
* ,, ,
#...@# ,
.#.###(.).#
*
.......(<.#
, * *
.#.###....#
* * *,
###### * **
* * , , * *
, ** *


You could see 2 orc priests and an orc.

Vanquished Creatures
  An orc (D:2)
  A giant cockroach (D:1)
  A goblin (D:2)
  4 jackals (D:1)
  A kobold (D:2)
8 creatures vanquished.

Notes
Turn   | Place    | Note
-------+----------+-------------------------------------------
     0 | D:1      | Flugslaktarn the Deep Dwarf Fighter began the quest for the
                  | Orb.
     0 | D:1      | Reached XP level 1. HP: 20/20 MP: 1/1
   146 | D:2      | Noticed an orc priest
   148 | D:2      | Noticed an orc priest
   153 | D:2      | Reached XP level 2. HP: 21/27 MP: 2/2
   158 | D:2      | Killed from afar by an orc priest

Illustrated notes

Levels and vault maps discovered:
D:1:      dpeg_arrival_pits, layout_basic, minmay_octomino_j4
D:2:      layout_basic, first_ration

Action                   || total
-------------------------++-------
Melee: War axe           ||    32
 Abil: Heal Wounds       ||     1
Armor: Scale mail        ||    17
Dodge: Dodged            ||    15
Block: Kite shield       ||    24

Table legend:
 A = Non-vault XP
 B = Vault XP
 C = Vault XP percentage of total XP
 D = Non-vault monster count
 E = Vault monster count
 F = Vault count percentage of total count
                 A         B        C        D         E       F
            +---------+---------+-------+---------+---------+-------
      Total |      16 |       0 |   0.0 |       8 |       0 |   0.0
            +---------+---------+-------+---------+---------+-------
        D:1 |      10 |       0 |   0.0 |       5 |       0 |   0.0
        D:2 |       6 |       0 |   0.0 |       3 |       0 |   0.0
            +---------+---------+-------+---------+---------+-------
